 Dungeon Crawl Stone Soup version 0.16-a0-3855-gd2600ac (console) character file.

72 nht the Sneak (level 4, 0/36 HPs)
             Began as a Merfolk Wanderer on Jan 31, 2015.
             Slain by Grinder (6 damage)
             ... on level 3 of the Dungeon.
             The game lasted 00:02:47 (1480 turns).

nht the Sneak (Merfolk Wanderer)                    Turns: 1480, Time: 00:02:48

Health: 0/36       AC:  3    Str: 12    XL:     4   Next: 25%
Magic:  4/4        EV: 13    Int: 13    God:
Gold:   75         SH:  0    Dex: 12    Spells: 0 memorised, 3 levels left

rFire  . . .     SeeInvis .     a - +2 quarterstaff
rCold  . . .     Clarity  .     e - +1 robe
rNeg   . . .     SustAb   .     (no shield)
rPois  .         Gourm    .     (no helmet)
rElec  .         Spirit   .     (no cloak)
rCorr  .         Warding  .     (no gloves)
rMut   .         Stasis   .     (no boots)
MR     .....                    (no amulet)
Stlth  +++.......               (no ring)
                                (no ring)

@: about to teleport, not resistant to hostile enchantments, fairly stealthy
A: change form in water, swift swim
a: no special abilities


You were on level 3 of the Dungeon.
You were hungry.

You visited 1 branch of the dungeon, and saw 3 of its levels.

You collected 75 gold pieces.

Inventory:

Hand weapons
 a - a +2 quarterstaff (weapon)
 d - a +0 blowgun
 f - a +0 dagger
Missiles
 c - 19 poisoned needles
Armour
 e - a +1 robe (worn)
Jewellery
 n - an uncursed ring of wizardry {unknown}
Scrolls
 b - 2 scrolls of teleportation
 i - 3 scrolls of identify
 j - a scroll of amnesia
 k - a scroll of remove curse
 m - 2 scrolls of enchant armour
Comestibles
 g - 2 bread rations
 l - a beef jerky


   Skills:
 + Level 3.6 Fighting
 - Level 1.0 Staves
 - Level 1.1 Throwing
 + Level 4.4 Dodging
 - Level 4.4 Stealth


You had 3 spell levels left.
You didn't know any spells.

Dungeon Overview and Level Annotations

Branches:
Dungeon (3/15)

Altars:
Yredelemnul
Zin
The Shining One

Annotations:
D:3 Grinder


Message History

Pain shoots through your body!
Read which item? (? for menu, Esc to quit)
As you read the scroll labeled KHO SCHAGREI, it crumbles to dust.
It is a scroll of recharging.
You aren't carrying any rechargeable items.
Grinder hits you.
You writhe in agony.
Read which item? (? for menu, Esc to quit)
As you read the scroll labeled JALAHI MOIDICS, it crumbles to dust.
You feel aware of your surroundings.
You sensed 1 altar.
It was a scroll of magic mapping.
Grinder hits you!
* * * LOW HITPOINT WARNING * * *
You aren't carrying any potions.
Read which item? (? for menu, Esc to quit)
Okay, then.
Read which item? (? for menu, Esc to quit)
As you read the scroll of teleportation, it crumbles to dust.
You feel strangely unstable. Grinder hits you.
* * * LOW HITPOINT WARNING * * *
You writhe in agony.
You die...

,*
*,*,*,,,,,,,,,,,,,,,,,,,*
,*
*,*,*********,,,,,,,,,***
,* *,*,* *,,,,,,,,,* ,*
*,*,* *********** ,* *,*,*
████*****
,****,*,******█...,,,,**
,,,,,,*,,,,,,,+...,,,,,█
**************█..█****.█
,********██████!.█*███.█
,,,,,,,,....s....█*....███
,************█.█@█*......█
,,,,,,,* █.█5██......██***
******,*
█.█b....._....,,**** *,*
█.█.███......█*,,,,,


████ *,* █.█.█ *,.....******* ...█ █^███████.█.█ ***....* █.<█ █......)....█
*,███* █†████████████.█.█****,* ......█ █...█.......█ █████.█ █.███████████ █.█
█.█ You could see Grinder, a giant cockroach (sleeping) and a bat.

Vanquished Creatures
  3 adders (D:2)
  3 oozes
  4 bats
  10 goblins
  4 hobgoblins
  3 jackals (D:2)
  7 kobolds
  3 giant newts
  A quokka (D:2)
  6 rats
44 creatures vanquished.

Notes
Turn   | Place    | Note
--------------------------------------------------------------
     0 | D:1      | nht, the Merfolk Wanderer, began the quest for the Orb.
     0 | D:1      | nht set off with: a +2 quarterstaff, a scroll of teleportation, 11 poisoned needles, a +0 blowgun, a +0 robe, a +0 dagger, a bread ration
     0 | D:1      | Reached XP level 1. HP: 16/16 MP: 1/1
   142 | D:1      | Reached XP level 2. HP: 8/23 MP: 2/2
   747 | D:2      | Reached XP level 3. HP: 28/28 MP: 3/3
   801 | D:2      | Found a basalt altar of Yredelemnul.
  1120 | D:2      | Reached XP level 4. HP: 24/35 MP: 4/4
  1235 | D:2      | Found a glowing golden altar of the Shining One.
  1466 | D:3      | Found a glowing silver altar of Zin.
  1466 | D:3      | Noticed Grinder
  1480 | D:3      | Slain by Grinder

Action                   |  1- 3 |  4- 6 || total
-------------------------+-------+-------++-------
Melee: Quarterstaff      |    92 |    34 ||   126
  Use: Scroll            |       |     7 ||     7
       Potion            |       |     2 ||     2
 Stab: Sleeping          |     3 |     2 ||     5
  Eat: Chunk             |     1 |       ||     1
